 Dungeon Crawl Stone Soup version 0.31-a0-216-g22e908daa7 (webtiles) character file.

Game seed: 3638853465684271567

39120 qw the Severer (level 14, -9/90 HPs)
             Began as a Gargoyle Fighter on July 2, 2023.
             Was an Elder of Okawaru.
             Shot with an arrow by Nessos (16 damage)
             ... on level 3 of the Lair of Beasts.
             The game lasted 00:07:53 (16113 turns).

qw the Severer (Gargoyle Fighter)                  Turns: 16113, Time: 00:07:54

Health: -9/90      AC: 26    Str: 28    XL:     14   Next: 5%
Magic:  21/21      EV: 16    Int: 13    God:    Okawaru [****..]
Gold:   1015       SH:  7    Dex: 12    Spells: 13/13 levels left

rFire   . . .        i - +6 war axe (flame)
rCold   . . .        c - +0 buckler
rNeg    + . .        g - +0 plate armour
rPois   inf          (no helmet)
rElec   +            (no cloak)
rCorr   .            (no gloves)
SInv    .            (no boots)
Will    +....        (no amulet) Stlth
                     n - +5 ring of evasion
HPRegen 0.35/turn    z - +6 ring of strength
MPRegen 0.17/turn

%: no passive effects
@: heroic, flying
A: sickness immunity, AC +10, big wings, negative energy resistance 1,
electricity resistance, torment resistance 1, petrification resistance, agile 1,
clever 1
a: Renounce Religion, Heroism, Finesse


You were on level 3 of the Lair of Beasts.
You worshipped Okawaru.
Okawaru was greatly pleased with you.
You visited 3 branches of the dungeon, and saw 15 of its levels.

You collected 1015 gold pieces.


Innate Abilities, Weirdness & Mutations

You are immune to sickness and miasma.
Your stone body is resilient. (AC +10)
You are immune to poison.
Your large and strong wings let you fly.
You resist negative energy. (rN+)
You are resistant to electric shocks. (rElec)
You are resistant to unholy torment.
You are immune to petrification.
You are agile. (Dex +4, Str/Int -1)
Your mind is acute. (Int +4, Str/Dex -1)


   Skills:
 + Level 11.4(16.4) Fighting
 - Level 15.1(20.1) Axes
 - Level 4.1(9.1) Throwing
 - Level 9.0(14.0) Armour
 - Level 3.0(8.0) Dodging
 - Level 7.2(12.2) Shields
 - Level 10.0 Invocations


You had 13 spell levels left.
You didn't know any spells.
Your spell library was empty.

Inventory:

Hand Weapons
 i - a +6 war axe of flaming (weapon)
Armour
 c - a +0 buckler (worn)
 g - a +0 plate armour (worn)
 m - a scarf of repulsion
 o - a +0 helmet
 s - a +0 pair of gloves
 t - a +2 cloak
 u - +0 acid dragon scales
 w - a +0 pair of boots
 x - a +1 pair of gloves
Jewellery
 a - a ring of protection from cold
 j - an amulet of guardian spirit
 n - a +5 ring of evasion (left hand)
 v - a ring of ice
 z - a +6 ring of strength (right hand)
Wands
 y - a wand of digging (5)
Scrolls
 b - 3 scrolls of identify
Potions
 d - 3 potions of might
 e - a potion of resistance
 f - a potion of attraction
 h - 4 potions of curing
 k - 3 potions of enlightenment
 p - 3 potions of mutation
 q - 3 potions of lignification

Dungeon Overview and Level Annotations

Branches:
Dungeon (11/15)            Temple (1/1) D:5            Lair (3/5) D:11
 Shoals (0/4) Lair:2        Snake (0/4) Lair:2
    Orc: D:9-12

Altars:
Ashenzari
Cheibriados
Dithmenos
Elyvilon
Fedhas
Gozag
Hepliaklqana
Kikubaaqudgha
Makhleb
Nemelex Xobeh
Okawaru
Qazlal
Ru
Sif Muna
Trog
Uskayaw
Vehumet
Wu Jian
Xom
Yredelemnul
Zin
The Shining One

Shops:
D:1 *   D:2 (:=   D:4 =   D:9 (

Annotations:
D:10 3 runed translucent doors
D:11 exclusion: 2 orc wizards
Lair:2 exclusion: black mamba
Lair:3 Nessos


Message History

Nessos shoots an arrow.
The arrow hits you but does no damage.
Nessos shoots an arrow.
The arrow hits you! The arrow burns you.
You see here a ring of see invisible.
16096 ||| Stepping ~*~*~tactically~*~*~ (hiding).
Nessos shoots an arrow.
You block the arrow.
Nessos shoots an arrow.
The arrow closely misses you.
You see here a ring of see invisible.
Nessos shoots an arrow.
The arrow hits you but does no damage.
Nessos shoots an arrow.
You block the arrow.
Nessos shoots an arrow.
You block the arrow.
Nessos stands on their hind legs for a moment.
Nessos unwields a +2 longbow of flaming.
It stops flaming.
Nessos misses you. You block Nessos's attack. Nessos completely misses you.
Nessos barely misses you.
You barely miss Nessos. Nessos closely misses you. Nessos kicks you.
You hit Nessos but do no damage.
Nessos casts a spell.
Nessos blinks!
Nessos wields a +2 longbow of flaming.
It bursts into flame!
Nessos shoots an arrow.
The arrow hits you!! The arrow burns you.
16102 ||| READING scroll of teleportation.
As you read the scroll of teleportation, it crumbles to dust.
You feel strangely unstable.
Nessos shoots an arrow.
The arrow completely misses you.
Nessos mumbles some strange words.
Nessos blinks!
Nessos shoots an arrow.
The arrow hits you but does no damage.
Your surroundings suddenly seem different.
Enter note:
Enter note:
Enter note:
Enter note:
Enter note:
Enter note:
Enter note:
Enter note: You start resting.
Nessos is nearby!
Nessos shoots an arrow.
The arrow closely misses you.
Nessos shoots an arrow.
The arrow hits you!
You die... 77

#########..##
#####.##..P.#...###
#...............##P##
#...................
#..@................
#........c..........
#....................
##...................
#...................
#...................
....................
.....................
#...................


You could see Nessos (fast).

Vanquished Creatures
  3 hydras
  2 two-headed ogres
  A boulder beetle (D:11)
  Nergalle (Lair:1)
  4 skysharks
  A lindwurm (Lair:2)
  An ugly thing (D:11)
  6 elephants (Lair:3)
  A salamander (Lair:2)
  2 merfolk sirens (Lair:2)
  5 black mambas
  6 komodo dragons
  A gargoyle (D:11)
  3 unseen horrors
  4 rime drakes
  8 cane toads
  3 polar bears
  2 merfolk (Lair:2)
  5 hornets
  6 blink frogs
  12 spriggans (Lair:3)
  38 yaks
  Sigmund (D:3)
  A water elemental (D:11)
  4 wraiths (D:11)
  4 wyverns
  A steam dragon (Lair:2)
  3 vampire mosquitoes (D:10)
  An acid dragon (D:10)
  14 water moccasins
  6 ice beasts
  8 black bears
  2 sky beasts
  3 boggarts (Lair:3)
  9 wolves
  8 centaurs
  2 phantoms (D:6)
  3 gnoll sergeants
  2 kobold brigands
  14 bullfrogs
  6 scorpions
  10 wights
  6 killer bees (D:10)
  9 electric eels (D:11)
  7 howler monkeys
  3 lava snakes (Lair:2)
  3 hounds
  2 orc priests
  A jelly (D:7)
  5 sleepcaps
  Terence (D:3)
  3 iguanas
  5 orc wizards
  14 gnolls
  6 adders
  A shadow imp (D:6)
  A white imp (D:7)
  A worm (D:4)
  23 orcs
  4 bats
  3 endoplasms
  6 goblins
  2 hobgoblins
  7 jackals
  2 quokkas
  9 ball pythons
  5 frilled lizards
  14 kobolds
  8 rats
368 creatures vanquished.

Notes
Turn   | Place    | Note
-------+----------+-------------------------------------------
     0 | D:1      | qw the Gargoyle Fighter began the quest for the Orb.
     0 | D:1      | Reached XP level 1. HP: 14/14 MP: 1/1
     0 | D:1      | 0 ||| qw: Version: 0.3-a-39-g4513739
     0 | D:1      | 0 ||| qw: Game counter: 7900
     0 | D:1      | 0 ||| qw: Melee chars always use a shield: true
     0 | D:1      | 0 ||| qw: God list: Okawaru
     0 | D:1      | 0 ||| qw: Allow faded altars: false
     0 | D:1      | 0 ||| qw: Do Orc after clearing Dungeon:15 true
     0 | D:1      | 0 ||| qw: Do second Lair branch before Depths: true
     0 | D:1      | 0 ||| qw: Lair rune preference: random
     0 | D:1      | 0 ||| qw: Goals: Normal, Zot:1-4, Slime:5, God:TSO, Crypt,
                  | Tomb, Abyss, Pan, Hells, Win
     0 | D:1      | 0 ||| PLANNING D:1-11
    65 | D:1      | Reached skill level 2 in Axes
   101 | D:1      | Reached XP level 2. HP: 19/19 MP: 2/2
   236 | D:1      | 236 ||| Stepping ~*~*~tactically~*~*~ (stealth).
   304 | D:1      | Found Baxzent's Assorted Antiques.
   308 | D:1      | 308 ||| SHOPLISTING 2 bubbling silvery potions (32 gold,
                  | have 7).
   308 | D:1      | 308 ||| SHOPLISTING bronze scale mail (162 gold, have 7).
   308 | D:1      | 308 ||| SHOPLISTING heavily runed scale mail (162 gold,
                  | have 7).
   308 | D:1      | 308 ||| SHOPLISTING mace (54 gold, have 7).
   308 | D:1      | 308 ||| SHOPLISTING scroll labelled DEUTEO URACAC (18 gold,
                  | have 7).
   308 | D:1      | 308 ||| SHOPLISTING scroll labelled UMAWKO UCRY (18 gold,
                  | have 7).
   308 | D:1      | 308 ||| SHOPLISTING white potion (16 gold, have 7).
   328 | D:1      | 328 ||| Stepping ~*~*~tactically~*~*~ (stealth).
   431 | D:1      | Reached skill level 3 in Axes
   432 | D:1      | 432 ||| Stepping ~*~*~tactically~*~*~ (stealth).
   442 | D:1      | Reached XP level 3. HP: 23/23 MP: 3/3
   536 | D:1      | 536 ||| DROPPING +0 club.
   699 | D:1      | 699 ||| UPGRADING to +0 chain mail.
   709 | D:1      | 709 ||| DROPPING +0 scale mail.
   710 | D:1      | 710 ||| READING scroll labelled FOTIK RESYECS.
   711 | D:1      | 711 ||| READING scroll labelled TOGUXT ZEAMUZ.
   712 | D:1      | 712 ||| READING scroll labelled SANLOV BIONI.
   727 | D:2      | Found Jivyich's Antique Weapon Boutique.
   743 | D:2      | 743 ||| SHOPLISTING glowing eveningstar (522 gold, have
                  | 32).
   856 | D:2      | Found Voehilev's Jewellery Boutique.
   859 | D:2      | 859 ||| SHOPLISTING +5 ring of evasion (396 gold, have 32).
   859 | D:2      | 859 ||| SHOPLISTING amulet of the acrobat (330 gold, have
                  | 32).
   859 | D:2      | 859 ||| SHOPLISTING ring of Bodily Harmony {rN+ MP+9} (343
                  | gold, have 32).
   859 | D:2      | 859 ||| SHOPLISTING ring of protection from cold (275 gold,
                  | have 32).
   859 | D:2      | 859 ||| SHOPLISTING ring of protection from fire (275 gold,
                  | have 32).
  1076 | D:2      | 1076 ||| Stepping ~*~*~tactically~*~*~ (hiding).
  1259 | D:2      | 1259 ||| DROPPING +0 mace.
  1456 | D:2      | Found Esoapite's Book Boutique.
  1628 | D:2      | 1628 ||| READING 2 scrolls labelled MOFAGRE LASAT.
  1631 | D:2      | 1631 ||| READING 3 scrolls labelled DEUTEO URACAC.
  1632 | D:2      | 1632 ||| READING scroll labelled DEUDGHA YQAUCSA.
  1633 | D:2      | 1633 ||| READING scroll labelled TANOKH YCZI.
  1634 | D:2      | 1634 ||| READING 2 scrolls of identify.
  1634 | D:2      | 1634 ||| IDENTIFYING fuming emerald potion
  1679 | D:3      | Noticed Sigmund
  1680 | D:3      | 1680 ||| Stepping ~*~*~tactically~*~*~ (hiding).
  1691 | D:3      | Killed Sigmund
  1692 | D:3      | Reached skill level 5 in Axes
  1692 | D:3      | Reached XP level 4. HP: 22/28 MP: 4/4
  1692 | D:3      | Reached XP level 5. HP: 25/32 MP: 5/5
  1808 | D:3      | Noticed a centaur
  1809 | D:3      | 1809 ||| Stepping ~*~*~tactically~*~*~ (hiding).
  1814 | D:3      | Killed a centaur
  1815 | D:3      | Reached XP level 6. HP: 38/39 MP: 6/6
  1855 | D:3      | 1855 ||| Stepping ~*~*~tactically~*~*~ (hiding).
  1863 | D:3      | 1863 ||| FLEEEEING.
  1864 | D:3      | 1864 ||| FLEEEEING.
  1865 | D:3      | 1865 ||| FLEEEEING.
  1866 | D:3      | 1866 ||| FLEEEEING.
  1869 | D:3      | 1869 ||| FLEEEEING.
  1870 | D:3      | 1870 ||| FLEEEEING.
  1871 | D:3      | 1871 ||| FLEEEEING.
  1872 | D:3      | 1872 ||| FLEEEEING.
  1876 | D:3      | 1876 ||| FLEEEEING.
  1877 | D:3      | 1877 ||| FLEEEEING.
  1878 | D:3      | 1878 ||| FLEEEEING.
  1879 | D:3      | 1879 ||| FLEEEEING.
  1880 | D:3      | 1880 ||| FLEEEEING.
  1881 | D:3      | 1881 ||| FLEEEEING.
  1882 | D:3      | 1882 ||| FLEEEEING.
  1883 | D:3      | 1883 ||| FLEEEEING.
  1969 | D:3      | Noticed Terence
  1990 | D:3      | HP: 8/39 [Terence/+0 flail of protection (6)]
  1991 | D:3      | 1991 ||| READING scroll of teleportation.
  1992 | D:3      | Killed Terence
  2170 | D:3      | 2170 ||| DROPPING +0 flail.
  2264 | D:3      | 2264 ||| UPGRADING to +0 plate armour.
  2274 | D:3      | 2274 ||| DROPPING +0 chain mail.
  2275 | D:3      | 2275 ||| READING scroll labelled YDEICU POOXI.
  2276 | D:3      | 2276 ||| DRINKING 2 bubbling sapphire potions.
  2277 | D:3      | 2277 ||| READING 2 scrolls of identify.
  2277 | D:3      | 2277 ||| IDENTIFYING bubbling silvery potion
  2315 | D:4      | 2315 ||| Stepping ~*~*~tactically~*~*~ (stealth).
  2316 | D:4      | 2316 ||| Stepping ~*~*~tactically~*~*~ (stealth).
  2488 | D:4      | 2488 ||| Stepping ~*~*~tactically~*~*~ (stealth).
  2505 | D:4      | Reached skill level 6 in Axes
  2550 | D:4      | Reached XP level 7. HP: 44/44 MP: 7/7
  2560 | D:4      | Found Saehopno's Jewellery Boutique.
  2568 | D:4      | 2568 ||| SHOPLISTING +5 ring of evasion (396 gold, have
                  | 131).
  2568 | D:4      | 2568 ||| SHOPLISTING amulet of reflection (330 gold, have
                  | 131).
  2568 | D:4      | 2568 ||| SHOPLISTING amulet of regeneration (330 gold, have
                  | 131).
  2568 | D:4      | 2568 ||| SHOPLISTING ring of Salvation {Fly rElec rPois rC-
                  | rCorr} (377 gold, have 131).
  2568 | D:4      | 2568 ||| SHOPLISTING ring of protection from fire (275
                  | gold, have 131).
  2568 | D:4      | 2568 ||| SHOPLISTING ring of resist corrosion (220 gold,
                  | have 131).
  2668 | D:4      | 2668 ||| READING scroll labelled QAH LETSI NAHUD.
  2669 | D:4      | 2669 ||| DRINKING 2 sedimented black potions.
  2715 | D:5      | Entered Level 5 of the Dungeon
  2791 | D:5      | Found a staircase to the Ecumenical Temple.
  2792 | D:5      | 2792 ||| PLANNING TEMPLE
  2792 | D:5      | 2792 ||| DRINKING 3 smoky coppery potions.
  2793 | D:5      | 2793 ||| DROPPING 2 potions of degeneration.
  2820 | Temple   | Entered the Ecumenical Temple
  2871 | Temple   | 2871 ||| PLANNING OKAWARU WORSHIP
  3020 | Temple   | Became a worshipper of Warmaster Okawaru
  3021 | Temple   | 3021 ||| PLANNING D:1-11
  3063 | D:5      | Found a white marble altar of Elyvilon.
  3178 | D:5      | 3178 ||| Stepping ~*~*~tactically~*~*~ (stealth).
  3185 | D:5      | Reached skill level 7 in Axes
  3530 | D:5      | 3530 ||| UPGRADING to ring of protection from cold.
  3531 | D:5      | 3531 ||| READING scroll labelled ROUM YPULEENE.
  3532 | D:5      | 3532 ||| DRINKING 2 fizzy emerald potions.
  3533 | D:5      | 3533 ||| DROPPING potion of invisibility.
  3876 | D:6      | Reached XP level 8. HP: 43/49 MP: 8/8
  3882 | D:6      | Reached skill level 1 in Throwing
  3885 | D:6      | Reached * piety under Okawaru
  3889 | D:6      | 3889 ||| Stepping ~*~*~tactically~*~*~ (stealth).
  3891 | D:6      | 3891 ||| Stepping ~*~*~tactically~*~*~ (stealth).
  3902 | D:6      | Reached skill level 1 in Invocations
  3953 | D:6      | 3953 ||| FLEEEEING.
  3954 | D:6      | 3954 ||| FLEEEEING.
  3955 | D:6      | 3955 ||| FLEEEEING.
  3964 | D:6      | 3964 ||| INVOKING Heroism.
  3981 | D:6      | 3981 ||| INVOKING Heroism.
  3985 | D:6      | HP: 12/49 [centaur/+0 mace (5)]
  3986 | D:6      | 3986 ||| READING scroll of teleportation.
  3986 | D:6      | HP: 1/49 [centaur/+0 mace (7)]
  4013 | D:6      | 4013 ||| INVOKING Heroism.
  4022 | D:6      | HP: 10/49 [orc/+0 whip (1)]
  4027 | D:6      | Reached skill level 8 in Axes
  4093 | D:6      | 4093 ||| INVOKING Heroism.
  4440 | D:6      | 4440 ||| DRINKING 3 white potions.
  4440 | D:6      | Gained mutation: You are agile. (Dex +4, Str/Int -1)
                  | [potion of mutation]
  4440 | D:6      | Gained mutation: You are robust. (+10% HP) [potion of
                  | mutation]
  4440 | D:6      | Lost mutation: You are robust. (+10% HP) [potion of
                  | mutation]
  4440 | D:6      | Gained mutation: Your mind is acute. (Int +4, Str/Dex -1)
                  | [potion of mutation]
  4441 | D:6      | 4441 ||| READING 2 scrolls of identify.
  4441 | D:6      | 4441 ||| IDENTIFYING inky potion
  4442 | D:6      | 4442 ||| DROPPING potion of ambrosia.
  4478 | D:7      | 4478 ||| STAIRDANCE
  4484 | D:6      | Reached skill level 1 in Dodging
  4532 | D:7      | HP: 12/50 [gnoll/+0 halberd[a gnoll sergeant] (2)]
  4722 | D:7      | 4722 ||| Stepping ~*~*~tactically~*~*~ (stealth).
  4723 | D:7      | 4723 ||| Stepping ~*~*~tactically~*~*~ (stealth).
  4730 | D:7      | 4730 ||| Stepping ~*~*~tactically~*~*~ (stealth).
  4732 | D:7      | 4732 ||| Stepping ~*~*~tactically~*~*~ (stealth).
  4752 | D:7      | Reached skill level 6 in Fighting
  4772 | D:7      | Reached XP level 9. HP: 52/55 MP: 10/10
  4775 | D:7      | 4775 ||| INVOKING Heroism.
  4871 | D:7      | Reached skill level 3 in Invocations
  5430 | D:7      | 5430 ||| Stepping ~*~*~tactically~*~*~ (stealth).
  5431 | D:7      | 5431 ||| INVOKING Heroism.
  5529 | D:7      | Found a hazy altar of Hepliaklqana.
  5728 | D:7      | 5728 ||| UPGRADING to +4 ring of slaying {mikee}.
  5729 | D:7      | 5729 ||| UPGRADING to +5 ring of evasion.
  5731 | D:7      | 5731 ||| READING 3 scrolls of identify.
  5731 | D:7      | 5731 ||| IDENTIFYING metallic coppery potion
  5732 | D:7      | 5732 ||| READING 2 scrolls of identify.
  5732 | D:7      | 5732 ||| IDENTIFYING fuming green potion
  5733 | D:7      | 5733 ||| DROPPING potion of berserk rage.
  5802 | D:8      | Reached skill level 9 in Axes
  5993 | D:8      | 5993 ||| Stepping ~*~*~tactically~*~*~ (stealth).
  5995 | D:8      | 5995 ||| Stepping ~*~*~tactically~*~*~ (stealth).
  6004 | D:8      | 6004 ||| INVOKING Heroism.
  6015 | D:8      | Reached ** piety under Okawaru
  6280 | D:8      | 6280 ||| Stepping ~*~*~tactically~*~*~ (stealth).
  6290 | D:8      | 6290 ||| Stepping ~*~*~tactically~*~*~ (hiding).
  6307 | D:8      | 6307 ||| INVOKING Heroism.
  6413 | D:8      | 6413 ||| DROPPING +0 flail of protection.
  6784 | D:8      | 6784 ||| READING scroll labelled ODOISY ANIVI.
  6825 | D:8      | 6825 ||| READING scroll labelled SIAHOH ECIMON.
  6826 | D:8      | 6826 ||| READING 2 scrolls of identify.
  6826 | D:8      | 6826 ||| IDENTIFYING blue potion
  6909 | D:9      | Reached XP level 10. HP: 63/63 MP: 13/13
  7008 | D:9      | Reached skill level 10 in Axes
  7017 | D:9      | Reached skill level 6 in Armour
  7130 | D:9      | 7130 ||| INVOKING Heroism.
  7222 | D:9      | 7222 ||| Stepping ~*~*~tactically~*~*~ (stealth).
  7223 | D:9      | 7223 ||| SWAPPING to +4 war axe.
  7224 | D:9      | 7224 ||| DROPPING +1 war axe.
  7254 | D:9      | Found Deejuceph's Antique Weapon Shoppe.
  7467 | D:9      | 7467 ||| INVOKING Heroism.
  7581 | D:9      | 7581 ||| READING scroll of enchant weapon.
  7581 | D:9      | 7581 ||| ENCHANTING +4 war axe.
  7766 | D:9      | 7766 ||| READING scroll labelled TIACOF DUIR.
  7767 | D:9      | 7767 ||| READING 2 scrolls of identify.
  7767 | D:9      | 7767 ||| IDENTIFYING bubbling coppery potion
  7768 | D:9      | 7768 ||| DROPPING potion of brilliance.
  7781 | D:10     | Entered Level 10 of the Dungeon
  7825 | D:10     | Reached *** piety under Okawaru
  7921 | D:10     | 7921 ||| Stepping ~*~*~tactically~*~*~ (hiding).
  7923 | D:10     | 7923 ||| Stepping ~*~*~tactically~*~*~ (hiding).
  8046 | D:10     | Killed an unseen horror
  8100 | D:10     | Found a runed translucent gate.
  8101 | D:10     | Found a runed translucent gate.
  8101 | D:10     | Found a runed translucent gate.
  8101 | D:10     | Noticed a purple ugly thing
  8101 | D:10     | Noticed a purple ugly thing
  8102 | D:10     | Noticed a purple ugly thing
  8103 | D:10     | Noticed a green ugly thing
  8103 | D:10     | Noticed a white ugly thing
  8105 | D:10     | Noticed a cyan ugly thing
  8172 | D:10     | Noticed a two-headed ogre
  8173 | D:10     | 8173 ||| INVOKING Heroism.
  8182 | D:10     | Killed a two-headed ogre
  8182 | D:10     | Received a gift from Okawaru
  8183 | D:10     | Reached skill level 11 in Axes
  9152 | D:10     | 9152 ||| READING scroll labelled MEV ENWOCOVAT.
  9201 | D:11     | Noticed a boulder beetle
  9202 | D:11     | 9202 ||| Stepping ~*~*~tactically~*~*~ (stealth).
  9204 | D:11     | 9204 ||| Stepping ~*~*~tactically~*~*~ (stealth).
  9206 | D:11     | 9206 ||| INVOKING Heroism.
  9216 | D:11     | Reached skill level 3 in Throwing
  9224 | D:11     | 9224 ||| FLEEEEING.
  9229 | D:11     | 9229 ||| STAIRDANCE
  9394 | D:11     | 9394 ||| INVOKING Heroism.
  9397 | D:11     | Reached XP level 11. HP: 68/68 MP: 11/14
  9405 | D:11     | Killed a boulder beetle
  9406 | D:11     | Reached skill level 9 in Fighting
  9419 | D:11     | 9419 ||| STAIRDANCE
  9530 | D:11     | 9530 ||| INVOKING Heroism.
  9576 | D:11     | 9576 ||| INVOKING Heroism.
  9641 | D:11     | 9641 ||| INVOKING Heroism.
  9704 | D:11     | Found a shimmering blue altar of Sif Muna.
  9721 | D:11     | 9721 ||| INVOKING Heroism.
  9734 | D:11     | 9734 ||| Stepping ~*~*~tactically~*~*~ (water).
  9829 | D:11     | 9829 ||| INVOKING Heroism.
  9837 | D:11     | Noticed a two-headed ogre
  9840 | D:11     | Received a gift from Okawaru
  9847 | D:11     | 9847 ||| INVOKING Heroism.
  9850 | D:11     | Killed a two-headed ogre
  9857 | D:11     | Reached skill level 12 in Axes
  9956 | D:11     | 9956 ||| Stepping ~*~*~tactically~*~*~ (stealth).
  9956 | D:11     | Found a staircase to the Lair.
  9957 | D:11     | 9957 ||| FLEEEEING.
 10100 | D:11     | 10100 ||| Stepping ~*~*~tactically~*~*~ (hiding).
 10101 | D:11     | 10101 ||| Stepping ~*~*~tactically~*~*~ (hiding).
 10103 | D:11     | 10103 ||| Stepping ~*~*~tactically~*~*~ (hiding).
 10142 | D:11     | 10142 ||| INVOKING Heroism.
 10173 | D:11     | 10173 ||| INVOKING Heroism.
 10323 | D:11     | 10323 ||| INVOKING Heroism.
 10368 | D:11     | Reached skill level 6 in Shields
 10378 | D:11     | 10378 ||| INVOKING Heroism.
 10429 | D:11     | 10429 ||| Stepping randomly (disturbance).
 10430 | D:11     | Noticed a purple ugly thing
 10435 | D:11     | 10435 ||| FLEEEEING.
 10436 | D:11     | 10436 ||| FLEEEEING.
 10441 | D:11     | 10441 ||| INVOKING Heroism.
 10448 | D:11     | Killed a purple ugly thing
 10450 | D:11     | Reached **** piety under Okawaru
 10451 | D:11     | 10451 ||| Stepping ~*~*~tactically~*~*~ (stealth).
 10965 | D:11     | 10965 ||| PLANNING LAIR
 10981 | Lair:1   | Entered Level 1 of the Lair of Beasts
 11020 | Lair:1   | 11020 ||| INVOKING Heroism.
 11053 | Lair:1   | 11053 ||| Stepping ~*~*~tactically~*~*~ (stealth).
 11066 | Lair:1   | 11066 ||| INVOKING Heroism.
 11079 | Lair:1   | Reached XP level 12. HP: 44/77 MP: 13/16
 11083 | Lair:1   | Reached skill level 6 in Invocations
 11384 | Lair:1   | Reached ***** piety under Okawaru
 11391 | Lair:1   | Noticed Nergalle
 11392 | Lair:1   | 11392 ||| Stepping ~*~*~tactically~*~*~ (hiding).
 11395 | Lair:1   | 11395 ||| Stepping ~*~*~tactically~*~*~ (hiding).
 11397 | Lair:1   | 11397 ||| Stepping ~*~*~tactically~*~*~ (hiding).
 11398 | Lair:1   | 11398 ||| Stepping ~*~*~tactically~*~*~ (hiding).
 11400 | Lair:1   | 11400 ||| INVOKING Heroism.
 11423 | Lair:1   | Killed Nergalle
 11626 | Lair:1   | 11626 ||| Stepping ~*~*~tactically~*~*~ (stealth).
 12518 | Lair:1   | 12518 ||| READING scroll labelled UMAWKO UCRY.
 12519 | Lair:1   | 12519 ||| DROPPING +3 morningstar of freezing.
 12538 | Lair:2   | Found a dark tunnel.
 12543 | Lair:2   | 12543 ||| READING scroll of enchant weapon.
 12543 | Lair:2   | 12543 ||| ENCHANTING +5 war axe of flaming.
 12580 | Lair:2   | Noticed a skyshark
 12586 | Lair:2   | Killed a skyshark
 12666 | Lair:2   | Found a staircase to the Snake Pit.
 12667 | Lair:2   | 12667 ||| Stepping ~*~*~tactically~*~*~ (hiding).
 12678 | Lair:2   | Reached skill level 13 in Axes
 12685 | Lair:2   | 12685 ||| INVOKING Heroism.
 13025 | Lair:2   | 13025 ||| Stepping ~*~*~tactically~*~*~ (stealth).
 13028 | Lair:2   | 13028 ||| Stepping ~*~*~tactically~*~*~ (stealth).
 13166 | Lair:2   | 13166 ||| Stepping ~*~*~tactically~*~*~ (stealth).
 13168 | Lair:2   | 13168 ||| Stepping ~*~*~tactically~*~*~ (stealth).
 13180 | Lair:2   | Reached skill level 9 in Invocations
 13184 | Lair:2   | Received a gift from Okawaru
 13321 | Lair:2   | 13321 ||| INVOKING Heroism.
 13351 | Lair:2   | 13351 ||| INVOKING Heroism.
 13354 | Lair:2   | 13354 ||| Stepping ~*~*~tactically~*~*~ (hiding).
 13377 | Lair:2   | Reached XP level 13. HP: 63/82 MP: 20/20
 13474 | Lair:2   | 13474 ||| INVOKING Heroism.
 13526 | Lair:2   | Received a gift from Okawaru
 13565 | Lair:2   | Identified the staff of Wrongful Imprisonment {Str+2 Dex+5
                  | Earth}
 13624 | Lair:2   | 13624 ||| Stepping ~*~*~tactically~*~*~ (stealth).
 13625 | Lair:2   | 13625 ||| INVOKING Heroism.
 13638 | Lair:2   | Reached skill level 14 in Axes
 13833 | Lair:2   | Found a staircase to the Shoals.
 13843 | Lair:2   | 13843 ||| INVOKING Heroism.
 13844 | Lair:2   | 13844 ||| Stepping ~*~*~tactically~*~*~ (water).
 13860 | Lair:2   | Reached skill level 9 in Armour
 13920 | Lair:2   | 13920 ||| Stepping ~*~*~tactically~*~*~ (stealth).
 14356 | Lair:2   | 14356 ||| UPGRADING to +6 ring of strength.
 14358 | Lair:2   | 14358 ||| DROPPING +4 ring of slaying {mikee}.
 14403 | Lair:3   | 14403 ||| INVOKING Heroism.
 14433 | Lair:3   | 14433 ||| Stepping ~*~*~tactically~*~*~ (stealth).
 14435 | Lair:3   | 14435 ||| INVOKING Heroism.
 14445 | Lair:3   | Reached skill level 3 in Dodging
 14453 | Lair:3   | 14453 ||| Stepping ~*~*~tactically~*~*~ (stealth).
 14480 | Lair:3   | 14480 ||| INVOKING Heroism.
 14736 | Lair:3   | 14736 ||| INVOKING Heroism.
 14791 | Lair:3   | Noticed Nessos
 14792 | Lair:3   | 14792 ||| Stepping ~*~*~tactically~*~*~ (stealth).
 14793 | Lair:3   | 14793 ||| INVOKING Finesse.
 14795 | Lair:3   | 14795 ||| INVOKING Heroism.
 14809 | Lair:3   | HP: 19/84 [Nessos/arrow (3)]
 14810 | Lair:3   | 14810 ||| READING 3 scrolls of teleportation.
 14811 | Lair:3   | 14811 ||| DRINKING 2 potions of heal wounds.
 14813 | Lair:3   | HP: 9/84 [Nessos/arrow (2)]
 14814 | Lair:3   | 14814 ||| DRINKING potion of heal wounds.
 14821 | Lair:3   | 14821 ||| READING 2 scrolls of teleportation.
 14979 | Lair:3   | 14979 ||| INVOKING Heroism.
 15132 | Lair:3   | 15132 ||| Stepping ~*~*~tactically~*~*~ (stealth).
 15133 | Lair:3   | 15133 ||| INVOKING Heroism.
 15186 | Lair:3   | 15186 ||| INVOKING Heroism.
 15349 | Lair:3   | 15349 ||| INVOKING Heroism.
 15350 | Lair:3   | 15350 ||| INVOKING Finesse.
 15381 | Lair:3   | 15381 ||| INVOKING Heroism.
 15400 | Lair:3   | Received a gift from Okawaru
 15522 | Lair:3   | 15522 ||| INVOKING Heroism.
 15572 | Lair:3   | 15572 ||| Stepping ~*~*~tactically~*~*~ (stealth).
 15573 | Lair:3   | 15573 ||| INVOKING Heroism.
 15584 | Lair:3   | Reached skill level 15 in Axes
 15587 | Lair:3   | Gained mutation: Your large and strong wings let you fly.
                  | [Gargoyle growth]
 15587 | Lair:3   | Reached XP level 14. HP: 46/90 MP: 19/21
 15764 | Lair:3   | 15764 ||| INVOKING Heroism.
 16085 | Lair:3   | 16085 ||| INVOKING Heroism.
 16088 | Lair:3   | 16088 ||| Stepping ~*~*~tactically~*~*~ (hiding).
 16096 | Lair:3   | 16096 ||| Stepping ~*~*~tactically~*~*~ (hiding).
 16101 | Lair:3   | HP: 6/90 [Nessos/arrow (20)]
 16102 | Lair:3   | 16102 ||| READING scroll of teleportation.
 16113 | Lair:3   | Shot with an arrow by Nessos

Levels and vault maps discovered:
D:1:      amcnicky_arrival_abandoned_market, layout_basic, serial_shops,
          nicolae_shop_pleasant_corner_grove, minivault_4, minmay_pentomino_p4
D:2:      layout_loops_ring, serial_forest, infiniplex_forest_clump_diagonal,
          infiniplex_forest_lined_corner, infiniplex_forest_lined_2,
          infiniplex_forest_straight_1, infiniplex_forest_clump_double,
          serial_shops, nicolae_shop_real_fake_doors, nicolae_square_shop,
          nicolae_shop_back_alley_shop, minmay_circle_x
D:3:      layout_basic, serial_bayou_ford_a, nrook_mini_vaults,
          minmay_misc_feat_four_crosses, chequers_mini_garden,
          minmay_misc_feat_cross, uniq_sigmund, uniq_terence
D:4:      layout_rooms, serial_shops, shop
D:5:      layout_rooms, lemuel_tele_altar, minmay_temple_entry_junction
D:6:      layout_basic
D:7:      layout_loops_corners, nicolae_hepliaklqana_hippocampus
D:8:      layout_basic
D:9:      layout_loops_ring, serial_shops, nicolae_shop_overgrown_old_shop,
          st_stairs_14, grunt_ministairs_3
D:10:     layout_basic, ploomutoo_gammafunk_ghost_potion_laboratory
D:11:     layout_irregular_city, hellmonk_lair_entry_icy, serial_bayou,
          serial_bayou_crossing, serial_bayou_lagoon_b, serial_bayou_lake_a,
          serial_bayou_shore_b, serial_bayou_pond_c, serial_bayou_pond_b,
          chequers_serial_rivers_micro_b, led_sif_book
Temple:   nicolae_temple_slightly_damp_pantheon
Lair:1:   layout_layer_cave, serial_forest, infiniplex_forest_clump_double,
          infiniplex_forest_clump_tiny, infiniplex_forest_lined_2,
          infiniplex_forest_lined_3_way, infiniplex_forest_clump_double,
          infiniplex_forest_lined_3, infiniplex_forest_end_2,
          beast_lair_carwin_4, uniq_nergalle
Lair:2:   cheibrodos_lair_overgrown_chateau, layout_chaotic_city,
          elwin_shoals_entry_stream, nicolae_snake_entry_warm_welcome,
          serial_rivers, chequers_serial_rivers_micro_e,
          chequers_serial_rivers_large_b, chequers_serial_rivers_small_b,
          chequers_serial_rivers_marsh, chequers_serial_rivers_micro_b,
          enter_volcano_2
Lair:3:   kb_forest_paths, layout_gridlike, st_stairs_5, uniq_nessos

Skill      XL: |  1  2  3  4  5  6  7  8  9 10 11 12 13 |
---------------+----------------------------------------+-----
Axes           | 2 3 5 6 7 8 9 11 12 13 15 | 15.1
Fighting       | 4 5 6 7 8 10 11 | 11.4
Armour         | 4 5 6 8 9 |  9.0
Throwing       | 1 3 4 |  4.1
Invocations    | 2 4 5 9 10 | 10.0
Dodging        | 1 2 3 |  3.0
Shields        | 4 5 6 7 |  7.2

Action                     |  1- 3 |  4- 6 |  7- 9 | 10-12 | 13-15 || total
---------------------------+-------+-------+-------+-------+-------++-------
  Melee: War axe           |   130 |    69 |   316 |   500 |   284 ||  1299
  Throw: Boomerang         |     6 |    37 |   103 |    46 |     1 ||   193
         Javelin           |       |       |       |     9 |     8 ||    17
 Invoke: Heroism           |       |       |     8 |    22 |    17 ||    47
         Finesse           |       |       |       |       |     2 ||     2
    Use: Scroll            |     8 |     3 |     9 |     6 |     3 ||    29
         Potion            |       |     1 |     4 |       |     2 ||     7
 Armour: Scale mail        |    39 |       |       |       |       ||    39
         Chain mail        |    29 |    22 |       |       |       ||    51
         Plate armour      |       |    33 |   298 |   231 |   103 ||   665
  Dodge: Dodged            |    66 |    17 |   118 |   246 |   144 ||   591
  Block: Buckler           |    21 |    11 |    76 |   113 |    69 ||   290

Table legend:
 A = Non-vault XP
 B = Vault XP
 C = Vault XP percentage of total XP
 D = Non-vault monster count
 E = Vault monster count
 F = Vault count percentage of total count
                 A         B        C        D         E       F
            +---------+---------+-------+---------+---------+-------
      Total |   36143 |   19744 |  35.3 |     278 |      90 |  24.5
            +---------+---------+-------+---------+---------+-------
        D:1 |      37 |       4 |   9.8 |      24 |       3 |  11.1
        D:2 |      19 |       4 |  17.4 |      13 |       3 |  18.8
        D:3 |     141 |     246 |  63.6 |       9 |       2 |  18.2
        D:4 |     168 |       0 |   0.0 |       8 |       0 |   0.0
        D:5 |     454 |       0 |   0.0 |      12 |       0 |   0.0
        D:6 |     879 |       0 |   0.0 |      23 |       0 |   0.0
        D:7 |    1173 |       0 |   0.0 |      25 |       0 |   0.0
        D:8 |    1337 |       0 |   0.0 |      12 |       0 |   0.0
        D:9 |    1500 |     317 |  17.4 |      16 |      10 |  38.5
       D:10 |    2564 |       0 |   0.0 |      19 |       0 |   0.0
       D:11 |    4460 |    2929 |  39.6 |      32 |      13 |  28.9
     Lair:1 |    6447 |    1554 |  19.4 |      29 |       7 |  19.4
     Lair:2 |    6649 |    7480 |  52.9 |      25 |      25 |  50.0
     Lair:3 |   10315 |    7210 |  41.1 |      31 |      27 |  46.6
            +---------+---------+-------+---------+---------+-------
